AoeStats
← uditm999

Arena

510146762Analyzed
1v1 RM · 2d ago on Sep 29, 2026· 29m 2s· 2 players
Game mode
Random Map
Map size
Tiny (2 player)
Population
200
Speed
Normal
Resources
Standard
Victory
Conquest
Starting age
Dark Age
Ending age
Imperial Age
RankedLock teamsTeams togetherTeam positionsShared explorationLock speedFull tech treeHidden civsTurbo modeCheats
Victory
Defeat
🇮🇳 Byzantines · India
742
+16
🇩🇪 Mongols · Germany
742
-16
uditm999
11:41 Feudal Age
11:54 Feudal Age
12:29 Horse Collar
15:52 Castle Age
15:04 Double-Bit Axe
18:14 Heavy Plow
19:54 Bow Saw
23:21 Wheelbarrow
24:50 Hand Cart
28:45 Imperial Age
27:13 Forging
26:54 Fletching
27:26 Ballistics
27:18 Fortified Wall
27:03 Stone Mining
27:05 Gold Mining
27:48 Husbandry
27:08 Light Cavalry
27:11 Pikeman
27:52 Squires
28:48 Stone Shaft Mining
28:04 Treadmill Crane
29:01 Iron Casting
28:21 Bodkin Arrow
29:12 Gold Shaft Mining
28:50 Elite Skirmisher
HorstGünter1938
10:32 Feudal Age
15:18 Castle Age
13:28 Double-Bit Axe
13:57 Horse Collar
16:15 Bow Saw
16:07 Heavy Plow
19:42 Stone Mining
21:18 Stone Shaft Mining
21:40 Gold Mining
23:39 Gold Shaft Mining
24:14 Wheelbarrow
29:48 Imperial Age
27:20 Fletching
27:51 Padded Archer Armor
27:48 Elite Skirmisher
28:27 Bodkin Arrow
28:30 Pikeman
29:29 Leather Archer Armor
Connection lost

Rejoining the realm…

Still unreachable

The connection could not be restored.

Session expired

The server has moved on; the page needs a fresh start.